 Dungeon Crawl Stone Soup version 0.31-a0-1570-g93c622d222 (webtiles) character file.

Game seed: 10855791726237256965

1737062 Laraso the Bringer of Light (level 27, 217/217 HPs)
             Began as a Formicid Fighter on Jan 3, 2024.
             Was the Champion of the Shining One.
             Escaped with the Orb
             ... and 3 runes on Jan 4, 2024!
             The game lasted 01:49:04 (62941 turns).

Laraso the Bringer of Light (Formicid Fighter)     Turns: 62941, Time: 01:49:04

Health: 217/217    AC: 37    Str: 33    XL:     27
Magic:  40/40      EV: 19    Int: 13    God:    the Shining One [******]
Gold:   3265       SH:  5    Dex: 22    Spells: 18/42 levels left

rFire   + + +        a - +9 giant spiked club (spect)
rCold   + + .        (shield currently unavailable)
rNeg    + + +        U - +1 gold dragon scales
rPois   +            (helmet unavailable)
rElec   +            C - +2 cloak {rCorr}
rCorr   +            B - +2 pair of gloves {Str+3}
SInv    +            A - +2 pair of boots {rampage}
Will    +++..        F - amulet of Ubloeciq {Reflect ^Drain rPois rF++ Dex+2 SH+5} Stlth
                     L - ring of willpower
HPRegen 0.56/turn    p - ring of Surprise {rElec rC+ Str+6 Int+6 Dex-3}
MPRegen 0.27/turn

%: reflection, rampage
@: glowing
A: permanent stasis, dig shafts and tunnels, antennae 3, four strong arms, dopey
1, poison resistance, sturdy frame 1
0: Orb of Zot
}: 3/15 runes: serpentine, barnacled, abyssal
a: Dig, Shaft Self, Renounce Religion, Divine Shield, Cleansing Flame, Summon
Divine Warrior


You escaped.
You worshipped the Shining One.
The Shining One was exalted by your worship.
You visited 10 branches of the dungeon, and saw 47 of its levels.
You visited the Abyss 1 time.
You also visited: Ice Cave and Desolation.

You collected 5962 gold pieces.
You spent 2697 gold pieces at shops.

Inventory:

Hand Weapons
 a - a +9 spectral giant spiked club (weapon)
 b - the +10 dark maul {heavy}
   (You took it off a draconian knight on level 1 of the Realm of Zot)
 c - a +3 sacred scourge of holy wrath
 d - the +6 shillelagh "Devastator" {shatter}
   (You found it on level 7 of the Dungeon)
 W - the +8 mithril axe "Arga" {speed, Will+}
   (You took it off a deep elf demonologist on level 3 of the Elven Halls)

   Will+:     It increases your willpower.
Missiles
 w - 5 throwing nets
Armour
 A - a +2 pair of boots of rampaging (worn)
 B - a +2 pair of gloves of strength (worn)
 C - a +2 cloak of preservation (worn)
 U - +1 gold dragon scales (worn)
Jewellery
 f - a ring of protection from fire
 h - a ring of protection from cold
 p - the ring of Surprise (right hand) {rElec rC+ Str+6 Int+6 Dex-3}
   (You found it on level 1 of the Snake Pit)

   [ring of intelligence]

   Str+6:     It affects your strength (+6).
   Int+6:     It affects your intelligence (+6).
   Dex-3:     It affects your dexterity (-3).
   rC+:       It protects you from cold.
   rElec:     It insulates you from electricity.
 t - a +4 ring of protection
 F - the amulet of Ubloeciq (around neck) {Reflect ^Drain rPois rF++ Dex+2 SH+5}
   (You took it off a deep elf elementalist on level 3 of the Elven Halls)

   [amulet of reflection]

   Reflect:   It reflects blocked missile attacks.
   Dex+2:     It affects your dexterity (+2).
   rF++:      It greatly protects you from fire.
   rPois:     It protects you from poison ^Drain: It drains your maximum health
   when unequipped.
   SH+5:      It affects your SH (+5).
 L - a ring of willpower (left hand)
 S - an amulet of regeneration
 V - the ring of Yjiuch {Fly rElec Str+6}
   (You found it on level 2 of the Depths)

   [ring of strength]

   Str+6:     It affects your strength (+6).
   rElec:     It insulates you from electricity.
   Fly:       It grants you flight.
Wands
 i - a wand of mindburst (36)
 r - a wand of paralysis (46)
 s - a wand of iceblast (30)
 x - a wand of acid (21)
 z - a wand of flame (105)
 D - a wand of polymorph (34)
 O - a wand of digging (17)
Scrolls
 l - 14 scrolls of fear
 G - 6 scrolls of fog
 K - 5 scrolls of immolation
 N - 3 scrolls of silence
 P - 6 scrolls of vulnerability
 Q - 16 scrolls of poison
 T - 2 scrolls of butterflies
Potions
 e - 11 potions of curing
 g - 7 potions of attraction
 j - 3 potions of magic
 n - 5 potions of lignification
 o - 5 potions of enlightenment
 q - 3 potions of cancellation
 u - a potion of resistance
 v - a potion of heal wounds
 E - 2 potions of ambrosia
 H - 12 potions of mutation
 I - 11 potions of brilliance
 M - 8 potions of might


   Skills:
 - Level 18.0 Fighting
 * Level 25.6 Maces & Flails
 - Level 22.0 Armour
 - Level 16.0 Dodging
 - Level 4.0 Shields
 - Level 8.0 Spellcasting
 - Level 7.0 Conjurations
 - Level 7.0 Summonings
 - Level 16.0 Earth Magic
 - Level 12.0 Alchemy
 O Level 27 Invocations


You had 18 spell levels left.
You knew the following spells:

 Your Spells              Type           Power      Damage    Failure   Level
a - Petrify               Alch/Erth      41%        N/A       2%          4
b - Animate Armour        Summ/Erth      70%        N/A       6%          4
c - Brom's Barrelling Bo  Conj/Erth      35%        2d5       6%          4
d - Passwall              Erth           46%        N/A       1%          3
e - Leda's Liquefaction   Alch/Erth      20%        N/A       2%          4
f - Lee's Rapid Deconstr  Erth           23%        3d13*     2%          5

Your spell library contained the following spells:

 Spells                   Type           Power      Damage    Failure   Level
 Sandblast                Erth           92%        2d19      1%          1
 Sting                    Conj/Alch      100%       1d9       1%          1
 Stone Arrow              Conj/Erth      70%        3d11      1%          3
 Summon Small Mammal      Summ           92%        N/A       3%          1
 Olgreb's Toxic Radiance  Alch           36%        N/A       4%          4
 Call Imp                 Summ           46%        N/A       6%          2
 Mercury Vapours          Alch/Air       40%        N/A       9%          2
 Call Canine Familiar     Summ           23%        N/A       12%         3
 Fulminant Prism          Conj/Alch      14%        3d8       14%         4
 Alistair's Intoxication  Alch           24%        N/A       14%         5
 Foxfire                  Conj/Fire      56%        2x1d6     16%         1
 Kiss of Death            Conj/Necr      56%        2d9       16%         1
 Shock                    Conj/Air       56%        1d6       16%         1
 Mephitic Cloud           Conj/Alch/Air  21%        N/A       16%         3
 Cigotuvi's Dreadful Rot  Necr/Alch/Air  30%        N/A       21%         2
 Static Discharge         Conj/Air       28%        3-5/arc   24%         2
 Irradiate                Conj/Alch      14%        3d16      36%         5
 Dazzling Flash           Conj/Hex       28%        N/A       43%         3
 Hailstorm                Conj/Ice       14%        3d6       43%         3
 Summon Ice Beast         Ice/Summ       14%        N/A       43%         3
 Ignite Poison            Fire/Alch      20%        N/A       50%         4
 Sticky Flame             Fire/Alch      20%        2d6       50%         4
 Apportation              Tloc           10%        N/A       56%         1
 Necrotise                Necr           20%        1d5       56%         1
 Borgnjor's Vile Clutch   Necr/Erth      13%        N/A       56%         5
 Eringya's Noxious Bog    Alch           18%        4d6       58%         6
 Bombard                  Conj/Erth      17%        9d4       67%         6
 Ensorcelled Hibernation  Hex/Ice        10%        N/A       71%         2
 Scorch                   Fire           10%        2d5       71%         2
 Sublimation of Blood     Necr           5%         N/A       71%         2
 Flame Wave               Conj/Fire      14%        2d6       85%         4
 Iskenderun's Mystic Bla  Conj/Tloc      14%        2d5       85%         4
 Martyr's Knell           Necr/Summ      14%        N/A       85%         4
 Summon Blazeheart Golem  Fire/Summ      14%        N/A       85%         4
 Summon Lightning Spire   Summ/Air       14%        N/A       85%         4
 Confusing Touch          Hex            5%         N/A       90%         3
 Frozen Ramparts          Ice            10%        1d2       90%         3
 Gell's Gravitas          Tloc           5%         N/A       90%         3
 Inner Flame              Hex/Fire       5%         N/A       90%         3
 Sigil of Binding         Hex            5%         N/A       90%         3
 Teleport Other           Tloc           5%         N/A       90%         3
 Volatile Blastmotes      Fire/Tloc      10%        2d10      90%         3
 Arcjolt                  Conj/Air       7%         1d17      99%         5
 Summon Forest            Summ/Tloc      7%         N/A       99%         5
 Summon Mana Viper        Hex/Summ       14%        N/A       99%         5
 Summon Cactus Giant      Summ           11%        N/A       99%         6
 Airstrike                Air            2%         2d(1-17)  100%        4
 Dimensional Bullseye     Hex/Tloc       2%         N/A       100%        4
 Dispel Undead            Necr           5%         3d7       100%        4
 Passage of Golubria      Tloc           5%         N/A       100%        4
 Curse of Agony           Necr           5%         N/A       100%        5
 Freezing Cloud           Conj/Ice/Air   5%         6-21      100%        5
 Metabolic Englaciation   Hex/Ice        2%         N/A       100%        5
 Silence                  Hex/Air        2%         N/A       100%        5
 Dispersal                Tloc           2%         N/A       100%        6
 Plasma Beam              Fire/Air       2%         2x1d12    100%        6
 Sculpt Simulacrum        Ice/Alch       10%        N/A       100%        6
 Starburst                Conj/Fire      7%         6d4       100%        6
 Malign Gateway           Summ/Tloc      7%         N/A       100%        7
 Monstrous Menagerie      Summ           11%        N/A       100%        7
 Ozocubu's Refrigeration  Ice            2%         4d8       100%        7
 Lehudib's Crystal Spear  Conj/Erth      17%        10d5      100%        8
 Summon Horrible Things   Summ           11%        N/A       100%        8
 Polar Vortex             Ice            2%         N/A       100%        9
 Swiftness                Air            Unusable   N/A       N/A         3
 Vhi's Electric Charge    Tloc/Air       Unusable   N/A       N/A         4

Dungeon Overview and Level Annotations

Branches:
Dungeon (15/15)            Temple (1/1) D:4            Lair (5/5) D:8
 Shoals (4/4) Lair:2        Snake (4/4) Lair:3        Slime (0/5) Lair:4
    Orc (2/2) D:12            Elf (3/3) Orc:2        Vaults (4/5) D:13
  Crypt (0/3) Vaults:2     Depths (4/4) D:15            Zot (5/5) Depths:4
  IceCv (visited)         Desolation (visited)

Altars:
Ashenzari
Cheibriados
Dithmenos
Elyvilon
Fedhas
Gozag
Hepliaklqana
Kikubaaqudgha
Makhleb
Nemelex Xobeh
Okawaru
Qazlal
Ru
Sif Muna
Trog
Uskayaw
Vehumet
Xom
Zin
The Shining One
Jiyva

Shops:
D:9 ?   Orc:2 =?([   Elf:1 (   Elf:2 ([   Shoals:3 :   Snake:1 *   Vaults:3 ?

Portals:
Hell: Depths:1 Depths:3 Depths:4
Abyss: Depths:2 Depths:3
Pandemonium: Depths:2
Ziggurat: Depths:3
Trove: D:12 (give +4 fire dragon scales)

Annotations:
D:3 Ijyb
D:4 1 runed translucent door, pigah's ghost, weakling OpSh
D:5 3 runed translucent doors, Xavori's ghost, novice DjCK
Lair:4 1 runed translucent door, Uhiteomo's ghost, journeyman MiCA
Lair:5 2 transporters, Arex's ghost, journeyman VSFi
Elf:2 3 runed translucent doors
Zot:3 2 transporters


Innate Abilities, Weirdness & Mutations

You cannot be hasted, slowed, berserked, paralysed or teleported.
You can dig through walls and to a lower floor.
You have a pair of large antennae on your head. (SInv)
Your four strong arms can wield two-handed weapons with a shield.
You are dopey. (Int -2)
Your system is resistant to poisons. (rPois)
Your movements are slightly less encumbered by armour. (ER -2)


Message History

The soul eater is almost dead.
Your +9 spectral giant spiked club hits the soul eater!!!
You kill the soul eater!
The Shining One accepts your kill.
No target in view!
Your +9 spectral giant spiked club disappears.
There is a stone staircase leading up here.
You climb upwards.
Level annotation: Ijyb
There is a stone staircase leading down here.
What level of the Dungeon? (default 1, ? - help)
You see here a +0 dagger.
There is a stone staircase leading up here.
You climb upwards.
There is a stone staircase leading down here.
Things that are here:
a +0 club; a hobgoblin skeleton
There is a stone staircase leading down here.
Things that are here:
a +0 club; a goblin skeleton
There is a stone staircase leading up here.
You climb upwards.
There is a stone staircase leading down here.
There is an open door here.
Aiming: Dig
Press: ? - help, Shift-Dir - straight line A rock wall.
This square is lit by a halo and is covered in magical glow.
The rock shatters into small pieces.
Aiming: Dig
Press: ? - help, Shift-Dir - straight line, f - you Please select a direction to dig.
This square is lit by a halo and is covered in magical glow.
The rock shatters into small pieces.
You enter the shallow water.
Moving in this stuff is going to be slow.
There is a staircase leading out of the dungeon here.
You can't go down here!
Unknown command.
You have escaped!

.......# ##.##
#...#.........
.......# ##.##
#####.########
.......# ##.####
#.###.....
.......#
##.#P####.....##..
.......#
#.~~~.#####..##..
.......#
#P~~~~##.....##..
..######
###♣~P###.........
[.#
#.##~##.#........#
..#
#@..~'..#........#
..#
#.##~##.#........#
..#
###~~♣###........#
..#
#♣~~~P###.......#
..# #.~~~.#
#.......# ..#
###.#####.......#
###
#.............#
###############


There were no monsters in sight!

Vanquished Creatures
  A pandemonium lord (Zot:5)
  Frederick (Depths:4)
  2 dread liches (Zot:5)
  An ancient lich (Zot:5)
  Mara (Depths:2)
  3 orbs of fire
  A juggernaut (Depths:3)
  Vv (Depths:2)
  9 Killer Klowns
  A caustic shrike (Depths:2)
  Vashnia (Snake:2)
  2 curse toes (Zot:4)
  Nikola (Shoals:2)
  7 golden dragons
  Norris (Vaults:2)
  2 bone dragons (Depths:4)
  An electric golem (Zot:5)
  the Enchantress (Depths:2)
  2 doom hounds (Zot:4)
  13 tentacled monstrosities
  A Hell Sentinel (Depths:2)
  Jorgrun (Shoals:2)
  A lich (Vaults:2)
  Grunn (Zot:4)
  21 Orb Guardians
  Mlioglotl (Shoals:2)
  7 quicksilver dragons
  2 deep elf master archers (Elf:3)
  2 deep elf blademasters (Elf:3)
  An ancient champion (Elf:2)
  10 death cobs
  5 sphinxes
  An Executioner (Abyss:3)
  7 shadow dragons
  Kirke (Shoals:1)
  5 tengu reavers
  A tentacled starspawn (Abyss:3)
  7 protean progenitors
  12 storm dragons
  7 draconian knights
  3 draconian monks
  Donald (Shoals:4)
  11 frost giants
  The ghost of Umpaher the Impaler, an adept DsGl of Gozag (Elf:2)
  7 nagarajas
  5 fire giants
  3 iron dragons
  8 vault wardens
  5 draconian scorchers
  4 deep elf sorcerers
  4 ghost moths
  3 deep elf elementalists (Elf:3)
  2 balrugs
  8 draconian shifters
  5 draconian stormcallers
  Louise (Shoals:1)
  A juggernaut zombie (Depths:1)
  9 draconian annihilators
  10 ironbound preservers
  7 spriggan defenders
  12 stone giants
  A quicksilver ooze (Vaults:2)
  8 very ugly things
  4 ironbound thunderhulks
  A formless jellyfish (Vaults:2)
  A caustic shrike skeleton (Depths:3)
  3 deep elf death magi
  6 deep elf demonologists
  8 green draconians
  7 vampire knights
  A bunyip (Zot:5)
  9 deep elf annihilators (Elf:3)
  10 dire elephants
  17 white draconians
  7 spark wasps
  30 purple draconians
  12 red draconians
  15 yellow draconians
  Azrael (D:15)
  An eidolon (Abyss:3)
  17 black draconians
  A blizzard demon (Abyss:3)
  4 merfolk javelineers (Shoals:4)
  9 ettins
  Josephine (Lair:4)
  2 green deaths
  8 merfolk impalers
  8 fire dragons
  2 ragged hierophants (Desolation)
  7 yaktaur captains
  2 deep elf high priests (Elf:3)
  2 jiangshi (Depths:1)
  An entropy weaver (Vaults:4)
  9 great orbs of eyes
  3 salamander tyrants (Snake:4)
  6 vault guards
  Harold (D:9)
  7 ice dragons
  9 hydras
  5 rakshasas
  A catoblepas (Lair:5)
  5 anacondas
  3 alligator snapping turtles
  3 merfolk aquamancers
  2 hell beasts
  21 centaur warriors
  2 radroaches (Zot:4)
  5 ogre magi
  8 merfolk avatars
  7 spriggan air magi
  8 ironbound frosthearts
  A satyr (Shoals:4)
  6 two-headed ogres
  4 deep troll shamans
  17 death yaks
  4 boulder beetles
  12 dancing weapons
  5 occultists
  6 tengu warriors
  4 hell hogs
  11 deep troll earth magi
  An orc high priest (Orc:2)
  A demonic crawler (Abyss:3)
  16 naga warriors
  7 spriggan berserkers
  6 shock serpents
  Urug (D:10)
  3 vampire magi
  A shock serpent (shapeshifter) (D:15)
  15 naga sharpshooters
  A soul eater (D:4)
  9 hell knights
  8 sun demons
  Nergalle (D:12)
  3 wretched stars
  2 fire crabs (D:15)
  6 iron trolls
  6 skysharks
  13 deep elf knights
  7 salamander mystics (Snake:4)
  A sixfirhy (D:9)
  The ghost of DeathSocks the Trooper, a novice VSFi of Gozag (D:8)
  4 skeletal warriors (D:14)
  22 sea snakes
  A spatial maelstrom (Abyss:3)
  An orb spider (Zot:3)
  A spark wasp zombie (Depths:1)
  3 flayed ghosts
  11 mana vipers
  43 deep trolls
  The ghost of Drazool the Destroyer, a novice OnCj of Sif Muna (D:6)
  6 naga ritualists
  2 death drakes (Abyss:3)
  4 glowing orange brains
  10 arcanists
  An orange crystal statue (IceCv)
  An anaconda skeleton (Abyss:3)
  A golden dragon skeleton (Depths:1)
  A phantasmal warrior (D:10)
  17 deep elf archers
  9 necromancers
  11 ironbound convokers
  18 harpies
  25 deep elf zephyrmancers
  2 wolf spiders (Lair:2)
  9 lindwurms
  4 orc knights
  27 deep elf pyromancers
  37 ugly things
  8 orc sorcerers
  5 cyclopes
  13 manticores
  5 fauns
  11 elephants
  A moth of wrath (shapeshifter) (Depths:2)
  2 shadow dragon skeletons (Depths:3)
  3 meliai (D:13)
  38 moths of wrath
  13 salamanders
  30 black mambas
  6 merfolk sirens
  11 guardian serpents
  8 water nymphs
  An apocalypse crab (Abyss:3)
  21 naga magi
  A smoke demon (Abyss:3)
  A dire elephant zombie (Abyss:3)
  A molten gargoyle (Vaults:3)
  3 gargoyles (D:15)
  A rust devil (D:15)
  3 torpor snails
  A titan simulacrum (Depths:1)
  A naga skeleton (Abyss:3)
  A large abomination (Abyss:3)
  15 vault sentinels
  14 cane toads
  17 rime drakes
  An efreet (Abyss:3)
  19 yaktaurs
  3 unseen horrors
  10 komodo dragons
  2 freezing wraiths
  8 tengu conjurers
  An ancient zyme (Abyss:3)
  9 trolls
  24 polar bears
  14 hornets
  28 merfolk
  A wind drake (shapeshifter) (Depths:4)
  A hellwing (Zot:5)
  2 wolf spider simulacra (D:15)
  4 wind drakes
  6 saltlings
  A raiju (D:15)
  2 glass eyes (Depths:2)
  A tarantella (Zot:3)
  Prince Ribbit (D:7)
  5 dream sheep (Lair:5)
  An iron dragon simulacrum (Depths:3)
  11 blink frogs
  42 slime creatures
  An air elemental (D:15)
  A fire giant simulacrum (Depths:3)
  8 snapping turtles
  12 spriggans
  4 jumping spiders (Zot:3)
  3 shadows
  A centaur simulacrum (D:13)
  3 vampires
  30 water elementals
  44 yaks
  19 humans (D:13)
  A spriggan (shapeshifter) (D:13)
  5 wyverns
  2 hogs (Shoals:1)
  9 wraiths
  10 neqoxecs
  2 redbacks (Vaults:4)
  4 vampire mosquitoes
  A warg (D:8)
  4 fire elementals
  6 basilisks
  A basilisk (shapeshifter) (D:15)
  Eustachio (D:4)
  An elf simulacrum (Vaults:3)
  38 nagas
  2 spatial vortices (Abyss:3)
  Edmund (D:6)
  An ogre zombie (Vaults:3)
  A glowing shapeshifter zombie (Vaults:3)
  3 acid dragons
  4 hell hounds (D:15)
  Duvessa (D:4)
  19 water moccasins
  13 orc warriors
  2 black bears
  A meliai simulacrum (D:15)
  An ice beast (D:6)
  35 wolves
  2 sky beasts (D:7)
  A boggart (D:15)
  A laughing skull (Abyss:3)
  6 centaurs
  A small abomination (Abyss:3)
  A crocodile (shapeshifter) (D:15)
  4 ogres
  21 bullfrogs
  3 scorpions
  3 gnoll sergeants
  3 earth elementals (Elf:2)
  A human simulacrum (Depths:1)
  11 wights
  Dowan (D:4)
  12 killer bees
  3 electric eels
  A howler monkey (D:10)
  5 hounds
  A jelly (D:8)
  4 bombardier beetles
  A gnoll bouda (D:6)
  22 orc priests
  Crazy Yiuf (D:4)
  18 starcursed masses (Abyss:3)
  A sleepcap (D:8)
  9 iguanas
  43 orc wizards
  Robin (D:4)
  20 gnolls
  An adder (D:6)
  A shadow imp (D:7)
  3 white imps
  3 dart slugs
  2 ribbon worms
  71 orcs
  2 ball pythons (D:1)
  5 endoplasms
  19 goblins
  7 hobgoblins
  6 jackals
  A quokka (D:1)
  4 bats
  2 frilled lizards (D:2)
  5 kobolds
2078 creatures vanquished.

Vanquished Creatures (collateral kills)
  A profane servitor (Abyss:3)
  An electric golem (Zot:5)
  A Hell Sentinel (Zot:5)
  An Orb Guardian (Zot:5)
  2 storm dragons
  A draconian monk (Zot:4)
  2 draconian shifters
  A balrug (Zot:5)
  A draconian annihilator (Zot:3)
  A draconian scorcher (Zot:4)
  A caustic shrike skeleton (Abyss:3)
  2 draconian stormcallers (Zot:3)
  A green draconian (Zot:4)
  3 white draconians
  2 purple draconians
  A bunyip (Zot:5)
  A yellow draconian (Zot:4)
  A spriggan skeleton (Abyss:3)
  A centaur warrior (Vaults:2)
  3 sun demons
  A wretched star (Abyss:3)
  A sixfirhy (Zot:5)
  3 glowing orange brains (Abyss:3)
  2 orange crystal statues (Abyss:3)
  A harpy (Shoals:1)
  A manticore (Shoals:1)
  A smoke demon (Abyss:3)
  A hellion (Abyss:3)
  2 ancient zymes (Abyss:3)
  2 ynoxinuls (Abyss:3)
  2 spatial vortices (Abyss:3)
  2 starspawn tentacles (Abyss:3)
47 creatures vanquished.

Vanquished Creatures (others)
  An Orb Guardian (Zot:5)
  A red draconian (Zot:4)
  A deep elf pyromancer (Elf:3)
  A water nymph (Shoals:2)
  A golden eye (Abyss:3)
  65 spectral weapons
  3 starspawn tentacles (Abyss:3)
73 creatures vanquished.

Grand Total: 2198 creatures vanquished

Notes
Turn   | Place    | Note
-------+----------+-------------------------------------------
     0 | D:1      | Laraso the Formicid Fighter began the quest for the Orb.
     0 | D:1      | Reached XP level 1. HP: 18/18 MP: 1/1
   220 | D:1      | Reached XP level 2. HP: 24/24 MP: 2/2
   648 | D:2      | Reached XP level 3. HP: 23/29 MP: 3/3
   754 | D:2      | Reached XP level 4. HP: 17/35 MP: 2/4
   881 | D:2      | Identified a scroll of acquirement
   881 | D:2      | Acquired a manual of Fighting
  1092 | D:2      | Noticed a black bear
  1381 | D:2      | Reached XP level 5. HP: 37/38 MP: 5/5
  1476 | D:2      | Reached skill level 5 in Maces & Flails
  1608 | D:3      | Found a burning altar of Makhleb.
  1754 | D:3      | Reached XP level 6. HP: 31/45 MP: 4/6
  1823 | D:3      | Noticed Ijyb
  1828 | D:3      | You fall into a shaft and drop 1 floor!
  1870 | D:4      | Noticed Robin
  1896 | D:4      | Killed Robin
  1953 | D:4      | Found a radiant altar of Vehumet.
  1955 | D:4      | Found a staircase to the Ecumenical Temple.
  1969 | Temple   | Entered the Ecumenical Temple
  2069 | Temple   | Became a worshipper of Elyvilon the Healer
  2106 | D:4      | Found a hide-covered altar of Uskayaw.
  2131 | D:4      | Acquired the ring "Hamoesk" {rPois rF+++ EV+5 Str-2 Dex-2}
  2172 | D:4      | Noticed Dowan
  2173 | D:4      | Noticed Duvessa
  2189 | D:4      | Killed Duvessa
  2190 | D:4      | Reached XP level 7. HP: 47/52 MP: 5/7
  2196 | D:4      | Killed Dowan
  2416 | D:4      | Found a runed translucent door.
  2416 | D:4      | Found the +5 demon whip "Spellbinder" {antimagic, disrupt,
                  | Will+}
  2417 | D:4      | Noticed Crazy Yiuf
  2426 | D:4      | Killed Crazy Yiuf
  2804 | D:4      | Reached * piety under Elyvilon
  2918 | D:4      | Found a shadowy altar of Dithmenos.
  3005 | D:4      | Noticed Eustachio
  3032 | D:4      | Killed Eustachio
  3140 | D:4      | Reached XP level 8. HP: 57/58 MP: 8/8
  3161 | D:4      | Found a runed translucent door.
  3161 | D:4      | Noticed pigah's ghost (weakling OpSh)
  3269 | D:5      | Entered Level 5 of the Dungeon
  3389 | D:5      | Found a glowing golden altar of the Shining One.
  3418 | D:5      | Found a glowing silver altar of Zin.
  3454 | D:5      | Fell from the grace of Elyvilon
  3454 | D:5      | Became a worshipper of the Shining One
  3774 | D:5      | Found a runed translucent gate.
  3774 | D:5      | Found a runed translucent gate.
  3774 | D:5      | Found a runed translucent gate.
  3794 | D:5      | Reached skill level 10 in Maces & Flails
  4113 | D:5      | Reached XP level 9. HP: 59/62 MP: 7/9
  4247 | D:5      | Noticed Xavori's ghost (novice DjCK)
  4502 | D:6      | Reached * piety under the Shining One
  4701 | D:6      | Found an opulent altar of Gozag.
  5025 | D:6      | Noticed Edmund
  5053 | D:6      | Killed Edmund
  5396 | D:6      | Found a runed translucent gate.
  5396 | D:6      | Found a runed translucent gate.
  5396 | D:6      | Noticed Drazool's ghost (novice OnCj)
  5397 | D:6      | Found a runed translucent gate.
  5525 | D:6      | Reached XP level 10. HP: 60/70 MP: 7/10
  5531 | D:6      | Killed Drazool's ghost
  6111 | D:7      | Found a sparkling altar of Nemelex Xobeh.
  6172 | D:7      | Reached skill level 2 in Invocations
  6196 | D:7      | Reached skill level 3 in Invocations
  6387 | D:7      | Noticed Prince Ribbit
  6403 | D:7      | Killed Prince Ribbit
  6510 | D:7      | Found the +6 shillelagh "Devastator" {shatter}
  6640 | D:7      | Reached skill level 4 in Invocations
  6897 | D:7      | Reached ** piety under the Shining One
  6905 | D:7      | Reached skill level 5 in Invocations
  6918 | D:7      | Reached skill level 6 in Invocations
  7019 | D:8      | Reached skill level 7 in Invocations
  7133 | D:8      | Reached skill level 5 in Fighting
  7183 | D:8      | Reached XP level 11. HP: 64/78 MP: 13/16
  7235 | D:8      | Found a staircase to the Lair.
  7371 | D:8      | Noticed a two-headed ogre
  7376 | D:8      | Killed a two-headed ogre
  7772 | D:8      | Found a runed translucent gate.
  7773 | D:8      | Found a runed translucent gate.
  7773 | D:8      | Found a runed translucent gate.
  7775 | D:8      | Noticed DeathSocks's ghost (novice VSFi)
  7822 | D:8      | Reached skill level 10 in Fighting
  8180 | D:8      | Reached *** piety under the Shining One
  8185 | D:8      | Killed DeathSocks's ghost
  8274 | Lair:1   | Entered Level 1 of the Lair of Beasts
  8300 | Lair:1   | Noticed a boulder beetle
  8307 | Lair:1   | Killed a boulder beetle
  8593 | Lair:1   | Reached skill level 15 in Fighting
  8611 | Lair:1   | Reached XP level 12. HP: 82/110 MP: 14/17
  8650 | Lair:1   | Reached skill level 5 in Armour
  8845 | Lair:1   | Noticed a boulder beetle
  8854 | Lair:1   | Killed a boulder beetle
  9268 | Lair:2   | Noticed a skyshark
  9272 | Lair:2   | Killed a skyshark
  9275 | Lair:2   | Noticed an eight-headed hydra
  9294 | Lair:2   | Killed an eight-headed hydra
  9424 | Lair:2   | Found a staircase to the Shoals.
  9496 | Lair:2   | Noticed an eight-headed hydra
  9506 | Lair:2   | Killed an eight-headed hydra
  9684 | Lair:2   | Noticed a seven-headed hydra
  9693 | Lair:2   | Killed a seven-headed hydra
  9884 | Lair:2   | Reached skill level 10 in Armour
 10187 | Lair:2   | Reached XP level 13. HP: 113/117 MP: 16/18
 10352 | Lair:3   | Noticed a seven-headed hydra
 10367 | Lair:3   | Killed a seven-headed hydra
 10530 | Lair:3   | Found a staircase to the Snake Pit.
 10657 | Lair:3   | Noticed a six-headed hydra
 10657 | Lair:3   | Reached **** piety under the Shining One
 10663 | Lair:3   | Killed a six-headed hydra
 10851 | Lair:3   | Reached skill level 5 in Dodging
 11484 | Lair:4   | Noticed Josephine
 11504 | Lair:4   | Killed Josephine
 11684 | Lair:4   | Reached skill level 15 in Maces & Flails
 11687 | Lair:4   | Reached ***** piety under the Shining One
 11723 | Lair:4   | Noticed an eight-headed hydra
 11744 | Lair:4   | Killed an eight-headed hydra
 11745 | Lair:4   | Reached XP level 14. HP: 102/124 MP: 19/19
 12095 | Lair:4   | Found a runed translucent door.
 12115 | Lair:4   | Identified the +9 trident of Friendship {freeze, rElec
                  | rCorr Stlth+}
 12115 | Lair:4   | Noticed Uhiteomo's ghost (journeyman MiCA)
 12263 | Lair:4   | Found a viscous altar of Jiyva.
 12263 | Lair:4   | Found a staircase to the Slime Pits.
 12690 | Lair:5   | Entered Level 5 of the Lair of Beasts
 13355 | Lair:5   | Found a transporter.
 13360 | Lair:5   | Found a transporter.
 13361 | Lair:5   | Found a bloodstained altar of Trog.
 13365 | Lair:5   | Noticed Arex's ghost (journeyman VSFi)
 13726 | Lair:5   | Reached XP level 15. HP: 131/131 MP: 20/20
 14204 | Lair:5   | Identified the +1 war axe of Yjikinul {flame, Will++ Dex+3
                  | Stlth+}
 14639 | D:9      | Noticed Harold
 14652 | D:9      | Killed Harold
 14705 | D:9      | Found Okeogeec's Magic Scroll Shoppe.
 14711 | D:9      | Bought a scroll of identify for 32 gold pieces
 14711 | D:9      | Bought a scroll of identify for 32 gold pieces
 14747 | D:9      | Found a broken altar of Ashenzari.
 14751 | D:9      | Saw a vision of the Shoals and the Snake Pit.
 14751 | D:9      | Reached ****** piety under the Shining One
 15148 | D:10     | Entered Level 10 of the Dungeon
 15229 | D:10     | Found a shimmering altar of Xom.
 16098 | D:10     | Noticed Urug
 16108 | D:10     | Killed Urug
 16186 | D:10     | Found the +5 Lochaber axe {reach-cleave, Poleaxe ^Drain}
 16813 | D:11     | Found a blossoming altar of Fedhas.
 17595 | D:12     | Found a staircase to the Orcish Mines.
 18022 | D:12     | Found a portal to a secret trove of treasure.
 18054 | D:12     | Noticed Nergalle
 18058 | D:12     | Killed Nergalle
 18921 | D:13     | Found a gate to the Vaults.
 18942 | D:13     | Reached XP level 16. HP: 126/128 MP: 21/21
 20788 | D:15     | Entered Level 15 of the Dungeon
 21002 | Orc:1    | Entered Level 1 of the Orcish Mines
 21370 | Orc:2    | Entered Level 2 of the Orcish Mines
 21508 | Orc:2    | Reached skill level 8 in Invocations
 21553 | Orc:2    | Found a staircase to the Elven Halls.
 22203 | Orc:2    | Found Cuymuk's Antique Armour Boutique.
 22280 | Orc:2    | Reached skill level 9 in Invocations
 22301 | Orc:2    | Found a radiant altar of Vehumet.
 22397 | Orc:2    | Reached skill level 10 in Invocations
 22435 | Orc:2    | Found Qokeutod's Antique Weapon Boutique.
 22444 | Orc:2    | Found Adirev's Magic Scroll Shop.
 22453 | Orc:2    | Found an ancient bone altar of Kikubaaqudgha.
 22480 | Orc:2    | Found Ocuxkaig's Jewellery Shop.
 22482 | Orc:2    | Bought a scroll of enchant weapon for 97 gold pieces
 22920 | Elf:1    | Entered Level 1 of the Elven Halls
 22986 | Orc:2    | Bought a glowing chain mail for 187 gold pieces
 22986 | Orc:2    | Bought a glowing chain mail for 187 gold pieces
 22986 | Orc:2    | Bought a pair of runed boots for 187 gold pieces
 23074 | Elf:1    | Found Math's Weapon Boutique.
 23208 | Elf:1    | Reached skill level 11 in Invocations
 23350 | Elf:1    | Reached XP level 17. HP: 124/138 MP: 25/25
 23383 | Elf:1    | Got the Incunabulum of Unified Battle Magic
 23433 | Elf:1    | Reached skill level 12 in Invocations
 24388 | Elf:2    | Reached skill level 13 in Invocations
 24923 | Elf:2    | Noticed Umpaher's ghost (adept DsGl)
 24925 | Elf:2    | Found a runed translucent door.
 24925 | Elf:2    | Noticed an ancient champion
 24929 | Elf:2    | Found Icalu's Antique Weapon Boutique.
 24957 | Elf:2    | Gained mutation: You have hidden genetic defects. [potion
                  | of mutation]
 24957 | Elf:2    | Gained mutation: Your system is resistant to poisons.
                  | (rPois) [potion of mutation]
 24957 | Elf:2    | Gained mutation: You possess an exceptional clarity of
                  | mind. [potion of mutation]
 24958 | Elf:2    | Lost mutation: You possess an exceptional clarity of mind.
                  | [potion of mutation]
 24958 | Elf:2    | Lost mutation: Your system is resistant to poisons. (rPois)
                  | [potion of mutation]
 24958 | Elf:2    | Gained mutation: You are weak. (Str -2) [potion of
                  | mutation]
 24959 | Elf:2    | Lost mutation: You are weak. (Str -2) [potion of mutation]
 24959 | Elf:2    | Lost mutation: You have hidden genetic defects. [potion of
                  | mutation]
 24959 | Elf:2    | Gained mutation: You are dopey. (Int -2) [potion of
                  | mutation]
 24959 | Elf:2    | Gained mutation: Your muscles are strong. (Str +4, Int/Dex
                  | -1) [potion of mutation]
 24979 | Elf:2    | Reached skill level 14 in Invocations
 25136 | Elf:2    | Noticed a Hell Sentinel
 25142 | Elf:2    | Reached skill level 15 in Invocations
 25209 | Elf:2    | Found Riofren's Antique Armour Boutique.
 25218 | Elf:2    | Bought a glowing cloak for 255 gold pieces
 25377 | Elf:2    | Found a runed translucent gate.
 25378 | Elf:2    | Found a runed translucent gate.
 25378 | Elf:2    | Found a runed translucent gate.
 25442 | Elf:3    | Entered Level 3 of the Elven Halls
 25641 | Elf:3    | Reached skill level 16 in Invocations
 26349 | Elf:3    | Identified the +1 leather armour of Iwohatiw {Str+2}
 26352 | Elf:3    | Reached XP level 18. HP: 116/119 MP: 30/30
 26370 | Elf:3    | Noticed a deep elf blademaster
 26383 | Elf:3    | Killed a deep elf blademaster
 26401 | Elf:3    | Noticed a deep elf master archer
 26403 | Elf:3    | Killed a deep elf master archer
 26656 | Elf:3    | Noticed a deep elf blademaster
 26672 | Elf:3    | Killed a deep elf blademaster
 26736 | Elf:3    | Identified the +0 robe "Forget-Me-Not" {+Inv Will- Regen+
                  | Str+3}
 26739 | Elf:3    | Identified the +5 flail "Zoghones" {vamp, rElec rPois rN+
                  | Stlth+}
 26739 | Elf:3    | Identified the amulet of Ubloeciq {Reflect ^Drain rPois
                  | rF++ Dex+2 SH+5}
 26745 | Elf:3    | Reached skill level 15 in Armour
 26967 | Elf:3    | Identified the +2 demon trident of Youthful Indiscretion
                  | {drain, rC+}
 26968 | Elf:3    | Noticed a deep elf master archer
 26991 | Elf:3    | Killed a deep elf master archer
 27019 | Elf:3    | Identified the +4 morningstar of Wiaf {flame, ^Fragile
                  | rElec rPois rCorr}
 27019 | Elf:3    | Identified the +0 robe "Pigytar" {rC+}
 27019 | Elf:3    | Identified the ring of Aruraog {rN+ rCorr}
 27068 | Elf:3    | Got Sif Muna's Folio of Inhalation
 27493 | Elf:3    | Identified the +6 orcbow "Fuyjais" {drain, rPois}
 27547 | Elf:3    | Identified the ring of Ucwotitu {Int+5 Dex+6}
 27565 | Elf:3    | Identified the staff of Shame {Fly rElec rPois rF+ rCorr
                  | Alchemy}
 27652 | Elf:2    | Killed an ancient champion
 27656 | Elf:2    | Killed Umpaher's ghost
 27869 | D:15     | Noticed Azrael
 27874 | D:15     | Killed Azrael
 27919 | D:15     | Found a staircase to the Depths.
 27976 | D:15     | Identified the staff of Agedamn {rF+ Str+2 Fire}
 28895 | D:15     | Reached XP level 19. HP: 132/157 MP: 31/31
 29205 | Shoals:1 | Entered Level 1 of the Shoals
 29539 | Shoals:1 | Noticed Louise
 29562 | Shoals:1 | Reached skill level 10 in Dodging
 29569 | Shoals:1 | Killed Louise
 29719 | Shoals:1 | Noticed Kirke
 29726 | Shoals:1 | Killed Kirke
 30234 | Shoals:2 | Noticed Mlioglotl
 30244 | Shoals:2 | Killed Mlioglotl
 30257 | Shoals:2 | Found a frozen archway.
 30268 | IceCv    | Entered an ice cave
 30993 | IceCv    | Identified the +1 helmet of Foolhardiness {rPois Str+7
                  | Stlth-}
 31004 | IceCv    | Identified the staff of the Shoals {rElec Str+3 Air}
 31282 | Shoals:2 | Noticed Nikola
 31344 | Shoals:2 | Killed Nikola
 31642 | Shoals:2 | Noticed Jorgrun
 31650 | Shoals:2 | Killed Jorgrun
 32281 | Shoals:3 | Found Beoqycwukk's Self-Improvement Boutique.
 32294 | Shoals:3 | Bought a manual of Armour for 1360 gold pieces
 32655 | Shoals:3 | Reached XP level 20. HP: 150/170 MP: 32/32
 33170 | Shoals:4 | Entered Level 4 of the Shoals
 33947 | Shoals:4 | Got a barnacled rune of Zot
 34842 | Shoals:4 | Noticed Donald
 34851 | Shoals:4 | Killed Donald
 35352 | Snake:1  | Entered Level 1 of the Snake Pit
 35512 | Snake:1  | Identified the ring of Surprise {rElec rC+ Str+6 Int+6
                  | Dex-3}
 35775 | Snake:1  | Found Irotuseh's General Store.
 35779 | Snake:1  | Found Nyiseuto's Specific Store.
 36237 | Snake:2  | Noticed Vashnia
 36646 | Snake:2  | Killed Vashnia
 37608 | Snake:3  | Reached XP level 21. HP: 165/177 MP: 33/33
 38745 | Snake:4  | Entered Level 4 of the Snake Pit
 39254 | Snake:4  | Identified the +2 scale mail of Jumidophyz {rF+ rCorr Int+2
                  | Dex-4}
 39476 | Snake:4  | Got a serpentine rune of Zot
 40185 | Vaults:1 | Entered Level 1 of the Vaults
 40566 | Vaults:1 | Reached skill level 15 in Dodging
 40744 | Vaults:1 | Reached XP level 22. HP: 147/184 MP: 34/34
 41957 | Vaults:2 | Noticed Norris
 41995 | Vaults:2 | HP: 8/184 [Norris/psychic fangs (5)]
 41997 | Vaults:2 | Killed Norris
 42002 | Vaults:2 | Was placed under penance by the Shining One
 42514 | Vaults:2 | Found a runed translucent door.
 42726 | Vaults:2 | Reached skill level 17 in Invocations
 43344 | Vaults:2 | Found a staircase to the Crypt.
 43509 | Vaults:2 | Found a shimmering blue altar of Sif Muna.
 43613 | Vaults:2 | Reached skill level 18 in Invocations
 44212 | Vaults:3 | Found a crumbling gateway.
 44223 | Desolati | Entered the Desolation of Salt
 44529 | Vaults:3 | Was forgiven by the Shining One
 44530 | Vaults:3 | Reached skill level 19 in Invocations
 45231 | Vaults:3 | Reached XP level 23. HP: 167/190 MP: 36/36
 45362 | Vaults:3 | Found Yphuel's Magic Scroll Shoppe.
 45368 | Vaults:3 | Bought a scroll of enchant weapon for 120 gold pieces
 45368 | Vaults:3 | Bought a scroll of enchant weapon for 120 gold pieces
 45368 | Vaults:3 | Bought a scroll of enchant weapon for 120 gold pieces
 45670 | Vaults:4 | Reached skill level 20 in Invocations
 45676 | Vaults:4 | Learned a level 5 spell: Irradiate
 45681 | Vaults:4 | Learned a level 4 spell: Animate Armour
 45686 | Vaults:4 | Learned a level 4 spell: Brom's Barrelling Boulder
 45690 | Vaults:4 | Learned a level 3 spell: Passwall
 45695 | Vaults:4 | Learned a level 4 spell: Leda's Liquefaction
 46206 | Vaults:4 | Learned a level 4 spell: Petrify
 46283 | Vaults:4 | Reached skill level 1 in Earth Magic
 46283 | Vaults:4 | Reached skill level 1 in Alchemy
 46287 | Vaults:4 | Reached skill level 1 in Spellcasting
 47104 | Vaults:4 | Reached skill level 5 in Alchemy
 47196 | Vaults:4 | Reached skill level 5 in Earth Magic
 47769 | Depths:1 | Entered Level 1 of the Depths
 47795 | Depths:1 | Found a glowing golden altar of the Shining One.
 48104 | Depths:1 | Reached skill level 1 in Summonings
 48175 | Depths:1 | Reached skill level 1 in Conjurations
 48426 | Depths:1 | Found a gateway to Hell.
 48982 | Depths:2 | Found a one-way gate to the infinite horrors of the Abyss.
 48994 | Depths:2 | Noticed Mara
 49012 | Depths:2 | Killed Mara
 49156 | Depths:2 | Found a one-way gate leading to the halls of Pandemonium.
 49166 | Depths:2 | Learned a level 5 spell: Lee's Rapid Deconstruction
 49308 | Depths:2 | Reached XP level 24. HP: 171/183 MP: 37/37
 49467 | Depths:2 | Noticed a golden dragon
 49474 | Depths:2 | Killed a golden dragon
 49585 | Depths:2 | Got the Anthology of Trauma and Mustering
 49597 | Depths:2 | Noticed a caustic shrike
 49600 | Depths:2 | Noticed a golden dragon
 49601 | Depths:2 | Killed a caustic shrike
 49606 | Depths:2 | Killed a golden dragon
 49638 | Depths:2 | Identified the ring of Yjiuch {Fly rElec Str+6}
 49776 | Depths:2 | Reached skill level 5 in Summonings
 49803 | Depths:2 | Noticed the Enchantress
 49830 | Depths:2 | Killed the Enchantress
 49866 | Depths:2 | Reached skill level 10 in Alchemy
 49904 | Depths:2 | Reached skill level 5 in Conjurations
 49908 | Depths:2 | Reached skill level 10 in Earth Magic
 50124 | Depths:2 | Identified the blade talisman "Coisat" {rCorr MP+9 Int+2}
 50308 | Depths:2 | Noticed Vv
 50322 | Depths:2 | Killed Vv
 50980 | Depths:3 | Found a one-way gateway to a ziggurat.
 51214 | Abyss:3  | Found a corrupted altar of Lugonu.
 51214 | Abyss:3  | Cast into level 3 of the Abyss (an occultist)
 51274 | Abyss:3  | Found a corrupted altar of Lugonu.
 51312 | Abyss:3  | Found a corrupted altar of Lugonu.
 51616 | Abyss:3  | Reached XP level 25. HP: 168/204 MP: 13/37
 51617 | Abyss:3  | Gained mutation: You occasionally lose the ability to drink
                  | potions when taking damage. [a neqoxec]
 51670 | Abyss:3  | Got an abyssal rune of Zot
 51711 | Abyss:3  | Lost mutation: You occasionally lose the ability to drink
                  | potions when taking damage. [potion of mutation]
 51711 | Abyss:3  | Lost mutation: Your muscles are strong. (Str +4, Int/Dex
                  | -1) [potion of mutation]
 51711 | Abyss:3  | Lost mutation: You are dopey. (Int -2) [potion of mutation]
 51711 | Abyss:3  | Gained mutation: Your magical capacity is low. (-10% MP)
                  | [potion of mutation]
 51711 | Abyss:3  | Gained mutation: Your system is resistant to poisons.
                  | (rPois) [potion of mutation]
 51711 | Abyss:3  | Gained mutation: Your movements are slightly less
                  | encumbered by armour. (ER -2) [potion of mutation]
 51849 | Depths:3 | Escaped the Abyss
 52072 | Depths:3 | Noticed a juggernaut
 52074 | Depths:3 | Killed a juggernaut
 52087 | Depths:3 | Identified the +2 halberd of Kuelucw {speed, +Blink rElec
                  | MP+9 Str-4 Dex+6}
 52199 | Depths:3 | Found a bloodstained altar of Trog.
 52453 | Depths:4 | Entered Level 4 of the Depths
 52453 | Depths:4 | Identified the orb of the Hunter {*channel, Harm}
 52453 | Depths:4 | Noticed Frederick
 52462 | Depths:4 | Killed Frederick
 52633 | Depths:4 | Found an iron altar of Okawaru.
 52642 | Depths:4 | Identified the +2 short sword of Stickiness {venom, rC- rN+
                  | rCorr Int+2}
 52864 | Depths:4 | Found a sacrificial altar of Ru.
 52892 | Depths:4 | Reached skill level 15 in Earth Magic
 53073 | Depths:4 | Reached skill level 5 in Spellcasting
 53097 | Depths:4 | Identified a +3 sacred scourge of holy wrath (a +1 demon
                  | whip of venom blessed by the Shining One)
 53097 | Depths:4 | Received a gift from the Shining One
 53523 | Depths:4 | Found a gate to the Realm of Zot.
 53758 | Zot:1    | Entered Level 1 of the Realm of Zot
 53849 | Zot:1    | Noticed a Killer Klown
 53856 | Zot:1    | Killed a Killer Klown
 53862 | Zot:1    | Reached XP level 26. HP: 133/211 MP: 33/33
 54449 | Zot:1    | Reached skill level 21 in Invocations
 55041 | Zot:1    | Got the Treatise on Allied Haze
 55786 | Zot:2    | Reached skill level 22 in Invocations
 56773 | Zot:3    | Reached skill level 23 in Invocations
 57207 | Zot:3    | Reached skill level 24 in Invocations
 57549 | Zot:3    | Found a transporter.
 57636 | Zot:3    | Found a transporter.
 57706 | Zot:4    | Reached XP level 27. HP: 151/204 MP: 33/35
 57712 | Zot:4    | Noticed Grunn
 57716 | Zot:4    | Killed Grunn
 57849 | Zot:4    | Reached skill level 25 in Invocations
 58287 | Zot:4    | Identified the ring of the Sky {rC- rN++ EV+5 Int+3}
 58413 | Zot:4    | Reached skill level 26 in Invocations
 58934 | Zot:4    | Identified the +0 plate armour of Kigex {rPois rF+ Regen+
                  | SInv}
 59069 | Zot:4    | Noticed an orb of fire
 59075 | Zot:4    | Killed an orb of fire
 59235 | Zot:4    | Noticed a Killer Klown
 59238 | Zot:4    | Killed a Killer Klown
 59240 | Zot:4    | Reached skill level 27 in Invocations
 59678 | Zot:5    | Entered Level 5 of the Realm of Zot
 60689 | Zot:5    | Noticed a dread lich
 60701 | Zot:5    | Killed a dread lich
 60706 | Zot:5    | Noticed an ancient lich
 60709 | Zot:5    | Killed an ancient lich
 60767 | Zot:5    | Noticed a Killer Klown
 61196 | Zot:5    | Killed a Killer Klown
 61211 | Zot:5    | Noticed a Killer Klown
 61218 | Zot:5    | Killed a Killer Klown
 61286 | Zot:5    | Noticed a Killer Klown
 61296 | Zot:5    | Killed a Killer Klown
 61477 | Zot:5    | Noticed a Killer Klown
 61494 | Zot:5    | Killed a Killer Klown
 61525 | Zot:5    | Noticed a Killer Klown
 61535 | Zot:5    | Killed a Killer Klown
 61538 | Zot:5    | Noticed a Killer Klown
 61540 | Zot:5    | Noticed a Killer Klown
 61604 | Zot:5    | Killed a Killer Klown
 62018 | Zot:5    | Noticed an orb of fire
 62023 | Zot:5    | Killed an orb of fire
 62028 | Zot:5    | Killed a Killer Klown
 62104 | Zot:5    | Noticed an orb of fire
 62107 | Zot:5    | Lost mutation: Your magical capacity is low. (-10% MP) [an
                  | orb of fire]
 62110 | Zot:5    | Killed an orb of fire
 62111 | Zot:5    | Noticed a dread lich
 62115 | Zot:5    | Killed a dread lich
 62300 | Zot:5    | Got the Orb of Zot
 62335 | Zot:5    | Noticed Qareipir the pandemonium lord
 62343 | Zot:5    | Killed Qareipir the pandemonium lord
 62609 | Depths:1 | Gained mutation: You are dopey. (Int -2) [a neqoxec]
 62762 | D:9      | Noticed Jaakk the pandemonium lord
 62941 | D:$      | Escaped with the Orb!

Illustrated notes

Levels and vault maps discovered:
D:1:      sevenhm_arrival_forest_fort_small_4, layout_basic
D:2:      layout_rooms, lightli_corner_chamber
D:3:      layout_loops_ring, nicolae_overflow_hidden_temple,
          nzn_wu_jian_council_hall, uniq_ijyb
D:4:      layout_cave_pods, amcnicky_altar_gilded,
          mainiacjoe_overflow_cross_hatched, eat_drink_and_be_merry_uskayaw,
          minmay_temple_entry_proselytizer, gammafunk_ghost_grave,
          uniq_eustachio, uniq_duvessa, uniq_crazy_yiuf_cottage, uniq_robin
D:5:      layout_basic, mainiacjoe_overflow_two_lobes,
          gammafunk_ghost_necromancy, grunt_tough_drop
D:6:      layout_basic, nicolae_gozag_seed_capital, gammafunk_ghost_split,
          eino_curves_01, minmay_misc_feat_chi, skrybe_limestone_x,
          hangedman_decor_clover_reticule, minmay_circle_x, uniq_edmund
D:7:      minmay_opposing_rooms, layout_rooms, nemelex_spade_bored_becter,
          uniq_prince_ribbit1
D:8:      layout_basic, erik_lair_orcish_takeover, gammafunk_ghost_spectres
D:9:      layout_gridville, grunt_ashenzari_visionary
          [grunt_ashenzari_visionary_shoals, grunt_ashenzari_visionary_snake],
          serial_shops, shop, kennysheep_doodads, minmay_misc_feat_pillars,
          uniq_harold
D:10:     layout_irregular_city, mainiacjoe_overflow_small_starburst,
          minivault_19, minivault_10, nicolae_guarded_unrand_lochaber, uniq_urug
D:11:     layout_stronghold, serial_co_window_serial, co_window_paths_b,
          co_window_corner_a, co_window_paths_a, co_window_cross_1,
          co_window_corner_a, co_window_corner_b, co_window_broadway_a,
          co_window_of_opportunity_b, co_window_paths_e, fedhas_altar_1
D:12:     layout_cave_pods, david_orc_4, enter_trove_2, uniq_nergalle
D:13:     minmay_stepped, layout_basic, grunt_vaults_entry_tiered,
          serial_aquarium, aquarium_bridge_square [aquarium_subvault_wall,
          aquarium_subvault_window, aquarium_subvault_bridge,
          aquarium_subvault_bridge], aquarium_bridge_square
          [aquarium_subvault_bridge, aquarium_subvault_balcony,
          aquarium_subvault_bridge, aquarium_subvault_balcony],
          aquarium_window_fake, aquarium_window_fake,
          aquarium_window_corridor_2, aquarium_view_2f, aquarium_pool_corner
D:14:     layout_cave_pools, chequers_garden, hangedman_fish_farm
D:15:     hangedman_crystal_crosses_colossus [crystal_crosses_arms_two,
          crystal_crosses_arms_one, crystal_crosses_arms_one]
Temple:   grunt_temple_mini_profane
Lair:1:   layout_chaotic_city, grunt_megastairs_4
Lair:2:   statuecave_lemuel, layout_misc_corridors, elwin_shoals_entry_rocks,
          nicolae_lair_run_with_the_wolves
Lair:3:   layout_regular_city, minmay_snake_entry_six_corridors
Lair:4:   layout_cave_shapes, dpeg_slime_entry_enclosed,
          ebering_ghost_funeral_grove, uniq_josephine
Lair:5:   grunt_lair_end_beastmaster, layout_regular_city,
          gammafunk_ghost_wrathful_warriors
Shoals:1: layout_shoals, uniq_louise, uniq_kirke
Shoals:2: layout_shoals, portal_ice_cave_entry_pillars_three,
          nicolae_shoals_seven_spires, yaktaur_hedge, uniq_nikola,
          uniq_mlioglotl, uniq_jorgrun
Shoals:3: layout_shoals, nicolae_shop_self_help
Shoals:4: shoals_end_simple, layout_shoals, uniq_donald
Snake:1:  layout_onion, nicolae_specific_store, lemuel_fruit_tree,
          serial_bayou_shore_b
Snake:2:  layout_onion, st_stairs_4, guppyfry_snake_island, uniq_vashnia
Snake:3:  nrook_guardian_serpent_snake_passage, layout_gridlike,
          serial_library_regret_index_small_wings, statue_in_the_mist_lemuel,
          serial_bayou_shore_a
Snake:4:  snake_pit, layout_basic
Orc:1:    layout_caves
Orc:2:    kennysheep_orc_mage_school, layout_diamond_mine, basic_altar,
          mines1_david, uniq_azrael
Elf:1:    eino_elf_arrival_the_gate, layout_geoelf_grid, serial_shops, shop,
          minmay_elf_sorcery
Elf:2:    nicolae_elf_blades_crystal_corner, layout_loops_cross,
          hellmonk_ghost_big_iron, serial_shops, nicolae_shop_stone, shop,
          lemuel_flamethrower_3
Elf:3:    grunt_elf_hall_asides, layout_geoelf_grid
Vaults:1: v_misc_27, vaults_room_door_hall, ontoclasm_vaults_twist,
          ontoclasm_vaults_fault, nicolae_vaults_theta,
          nicolae_vaults_network_s, vaults_room_stairs_pillars,
          grunt_vaults_swirl, hangedman_vaults_stretched_pinwheel, v_misc_26,
          nicolae_vaults_heart-shaped_vault, nicolae_vaults_rhombus_7,
          nicolae_vaults_shipping_containers_4, ontoclasm_vaults_ring_small,
          nicolae_vaults_variable_pillar_hall, layout_vaults_omnibox
Vaults:2: v_rooms_2, serial_library_hellmonk_narrow_alcove,
          nicolae_vaults_oozy_zoo, nicolae_vaults_network_quincunx
          [nicolae_vaults_network_quincunx_subvault,
          nicolae_vaults_network_quincunx_subvault,
          nicolae_vaults_network_quincunx_subvault,
          nicolae_vaults_network_quincunx_subvault,
          nicolae_vaults_network_quincunx_subvault],
          minmay_crypt_entry_nasty_monster, nicolae_vaults_little_squares_5,
          nicolae_vaults_double_plus_3, v_misc_10, v_misc_8,
          nicolae_vaults_rhombus_5, nicolae_vaults_apartment_1,
          layout_vaults_omnicross, uniq_norris
Vaults:3: portal_desolation_entry_garden, nicolae_vaults_trapezoid_3,
          nicolae_vaults_shelves_hall, grunt_vaults_trifunnel, st_lines,
          nicolae_vaults_house_3, nicolae_vaults_trapezoid_lopsided_4,
          vaults_dpeg_ring, ontoclasm_vaults_eye, layout_vaults_omnigrid,
          serial_shops, nicolae_shop_rolling_square
Vaults:4: nicolae_vaults_more_shelving_1, dpeg_vaults_monster_row,
          nicolae_vaults_ninety_degrees, hangedman_vaults_stream,
          ontoclasm_vaults_loading_screen, nicolae_vaults_sealed_display,
          nicolae_vaults_variable_pillar_hall,
          nicolae_vaults_variable_pillar_hall, nicolae_vaults_little_squares_6,
          layout_vaults_big_room
Depths:1: layout_honeycomb, grunt_decor_cap, hell_entry, tso_metal_star
Depths:2: minmay_the_grid_square_5x5_5x5
          [minmay_the_grid_square_5x5_two_walls_a,
          minmay_the_grid_square_5x5_almost_minimal,
          minmay_the_grid_square_5x5_half_checkered,
          minmay_the_grid_square_5x5_fancy_junction,
          minmay_the_grid_square_5x5_inner_v, minmay_the_grid_square_5x5_three,
          minmay_the_grid_square_5x5_prize_pseudospiral,
          minmay_the_grid_square_5x5_two_small,
          minmay_the_grid_square_5x5_prize_rear_guard,
          minmay_the_grid_square_5x5_inner_i, minmay_the_grid_square_5x5_v,
          minmay_the_grid_square_5x5_inset,
          minmay_the_grid_square_5x5_prize_snowflake,
          minmay_the_grid_square_5x5_eight, minmay_the_grid_square_5x5_bite,
          minmay_the_grid_square_5x5_shuriken,
          minmay_the_grid_square_5x5_prize_waves,
          minmay_the_grid_square_5x5_detours,
          minmay_the_grid_square_5x5_prize_itemx,
          minmay_the_grid_square_5x5_moneybag,
          minmay_the_grid_square_5x5_minimal,
          minmay_the_grid_square_5x5_three_walls,
          minmay_the_grid_square_5x5_six,
          minmay_the_grid_square_5x5_intrusive_squares,
          minmay_the_grid_square_5x5_checkered_statues], layout_twisted_cross,
          abyss_entry, rand_demon_pan_entry_5, grunt_metal_band,
          hangedman_decor_opposing, infiniplex_staircase_pool_2, uniq_vv,
          uniq_enchantress, uniq_mara
Depths:3: minmay_shrinking_squares, layout_cave_pools, enter_ziggurat_e,
          hell_entry, old_standard_altar, abyss_entry
Depths:4: grunt_zot_entry_pinwheel, layout_small_grid, nicolae_ru_path_of_blood,
          hell_entry, chequers_serial_rivers_micro_c,
          serial_library_hellmonk_u_bend, okawaru_ov_weapons_minmay,
          uniq_frederick
Zot:1:    cheibrodos_zot_enchanting_chambers, layout_misc_corridors,
          regret_index_zotdec_split_disrupt
Zot:2:    layout_concentric_octagons, grunt_megastairs_1
Zot:3:    gammafunk_its_a_trap, layout_onion, regret_index_zotdec_ex,
          grunt_ministairs_1, hangedman_spider_trapstep
Zot:4:    grunt_zot_stairs_mandelzot, layout_misc_corridors, uniq_grunn
Zot:5:    layout_basic, st_stairs_12

Skill      XL: |  1  2  3  4  5  6  7  8  9 10 11 12 13 14 15 16 17 18 19 20 21 22 23 24 25 26 27 |
---------------+----------------------------------------------------------------------------------+-----
Maces & Flails | 3 4 5 7 8 10 13 14 15 18 20 22 25 | 25.6
Invocations    | 7 11 16 19 20 24 27 | 27.0
Fighting       | 6 15 16 17 18 | 18.0
Armour         | 10 12 13 16 21 22 | 22.0
Dodging        | 6 9 12 15 16 | 16.0
Earth Magic    | 8 11 16 | 16.0
Alchemy        | 8 11 12 | 12.0
Spellcasting   | 4 8 |  8.0
Summonings     | 3 7 |  7.0
Conjurations   | 3 6 7 |  7.0
Shields        | |  4.0

Action                     |  1- 3 |  4- 6 |  7- 9 | 10-12 | 13-15 | 16-18 | 19-21 | 22-24 | 25-27 || total
---------------------------+-------+-------+-------+-------+-------+-------+-------+-------+-------++-------
  Melee: Flail             |    56 |   153 |   340 |       |       |       |       |       |       ||   549
         Dire flail        |       |       |    20 |   318 |   214 |       |       |       |       ||   552
         Shillelagh        |       |       |       |     8 |       |       |       |       |       ||     8
         Giant spiked club |       |       |       |       |   381 |   596 |   767 |   836 |  1038 ||  3618
   Cast: Leda's Liquefacti |       |       |       |       |       |       |       |       |     8 ||     8
         Petrify           |       |       |       |       |       |       |       |       |     1 ||     1
         Animate Armour    |       |       |       |       |       |       |       |       |     8 ||     8
         Brom's Barrelling |       |       |       |       |       |       |       |       |     2 ||     2
 Invoke: Divine Shield     |       |       |     2 |     2 |     1 |     3 |    10 |     6 |     7 ||    31
         Summon Divine War |       |       |       |       |       |       |     1 |     2 |     7 ||    10
         Cleansing Flame   |       |       |       |       |       |       |       |     2 |     4 ||     6
         Brand Weapon With |       |       |       |       |       |       |       |       |     1 ||     1
Ability: Dig               |     1 |     4 |     8 |     6 |    20 |    17 |    13 |     5 |    18 ||    92
         Shaft Self        |       |     1 |       |       |       |       |       |       |       ||     1
  Evoke: Wand              |       |       |       |       |       |       |       |       |     2 ||     2
    Use: Scroll            |       |     7 |     6 |    11 |    11 |     5 |     6 |     9 |     4 ||    59
         Potion            |       |       |     1 |       |     1 |     3 |       |     9 |     7 ||    21
 Armour: Scale mail        |    52 |   102 |   196 |    15 |   279 |    76 |       |       |       ||   720
         Chain mail        |       |       |       |   187 |    69 |   173 |   129 |       |       ||   558
         Plate armour      |       |       |       |       |       |       |   246 |   433 |       ||   679
         Gold dragon scale |       |       |       |       |       |       |       |   175 |   631 ||   806
  Dodge: Dodged            |    18 |    50 |   256 |   164 |   367 |   181 |   332 |   508 |   478 ||  2354
  Block: Buckler           |    14 |    39 |    85 |    94 |    73 |       |       |       |       ||   305
         Other             |       |       |       |       |    65 |    71 |   140 |   149 |   160 ||   585
         Reflection        |       |       |       |       |     3 |    14 |    21 |    10 |     8 ||    56

Table legend: (Time is in decaauts)
 A = Elapsed time spent in this place.
 B = Non-inter-level travel time spent in this place.
 C = Inter-level travel time spent in this place.
 D = Time resting spent in this place.
 E = Time spent auto-exploring this place.
 F = Levels seen in this place.
 G = Mean time per level.
                   A        B        C        D        E       F      G
               +--------+--------+--------+--------+--------+-----+--------+
         Total |  62048 |  57342 |   4706 |  13017 |  31390 |  50 | 1241.0 |
       Dungeon |  17184 |  14835 |   2349 |   2040 |   9859 |  15 | 1145.6 |
        Temple |     96 |     40 |     56 |      2 |     34 |   1 |   96.0 |
          Lair |   6194 |   5839 |    355 |    829 |   3873 |   5 | 1238.8 |
        Shoals |   5146 |   4923 |    223 |   1365 |   2762 |   4 | 1286.5 |
     Snake Pit |   4453 |   4256 |    197 |    861 |   2494 |   4 | 1113.2 |
  Orcish Mines |   1906 |   1666 |    240 |    317 |    858 |   2 |  953.0 |
   Elven Halls |   4647 |   4510 |    137 |   1649 |   1523 |   3 | 1549.0 |
        Vaults |   7083 |   6548 |    535 |   1497 |   4044 |   4 | 1770.8 |
        Depths |   5331 |   5079 |    252 |    743 |   3081 |   4 | 1332.8 |
           Zot |   8523 |   8165 |    358 |   3330 |   2537 |   5 | 1704.6 |
         Abyss |    600 |    600 |      0 |    107 |      0 |   1 |  600.0 |
      Ice Cave |    867 |    867 |      0 |    275 |    323 |   1 |  867.0 |
    Desolation |     11 |     11 |      0 |      0 |      0 |   1 |   11.0 |
               +--------+--------+--------+--------+--------+-----+--------+

Top non-repeatable levels by time:
Vaults:2: 2582 daAuts
   Zot:4: 2331 daAuts
    D:13: 2213 daAuts
   Elf:3: 2148 daAuts
   Zot:5: 2071 daAuts
Shoals:4: 2042 daAuts
Depths:2: 1876 daAuts
Vaults:1: 1545 daAuts
   Zot:2: 1543 daAuts
   Elf:1: 1517 daAuts
Vaults:3: 1512 daAuts
  Lair:4: 1476 daAuts
Vaults:4: 1442 daAuts
     D:6: 1424 daAuts
   Zot:1: 1422 daAuts
